 Dungeon Crawl Stone Soup version 0.28.0-53-g5a82cb258f (webtiles) character file.

Game seed: 4318211971683850748

3349 SanguineChosen the Basher (level 10, 0/80 HPs)
             Began as a Gnoll Cinder Acolyte on June 4, 2022.
             Was a Believer of Ignis.
             Slain by a yak (10 damage)
             ... on level 8 of the Dungeon.
             The game lasted 01:23:35 (11224 turns).

SanguineChosen the Basher (Gnoll Cinder Acolyte)   Turns: 11224, Time: 01:23:36

Health: 0/80       AC: 12    Str: 15    XL:     10   Next: 2%
Magic:  13/18      EV: 12    Int: 17    God:    Ignis [**....]
Gold:   166        SH:  5    Dex:  7    Spells: 16/20 levels left

rFire   + + .      SeeInvis .   w - staff of fire
rCold   . . .      Faith    .   (no shield)
rNeg    + . .      Spirit   .   c - +2 robe {rN+}
rPois   .          Reflect  +   (no helmet)
rElec   .          Harm     .   (no cloak)
rCorr   .          Rampage  .   n - +0 pair of gloves
Will    .....                   (no boots)
Stlth   ++........              e - amulet of reflection
HPRegen 0.23/turn               (no ring)
MPRegen 0.16/turn               (no ring)

@: fiery-armoured, hasted, very quick
A: fangs 1, strong nose, distributed training
a: Renounce Religion, Fiery Armour, Foxfire Swarm, Rising Flame


You were on level 8 of the Dungeon.
You worshipped Ignis.
Ignis was pleased with you.
You visited 1 branch of the dungeon, and saw 8 of its levels.

You collected 383 gold pieces.
You spent 217 gold pieces at shops.

Inventory:

Hand Weapons
 a - a -1 mace of flaming
 o - a +2 vorpal flail
 t - a +1 flail of venom
Missiles
 k - 6 atropa-tipped darts
 p - 4 boomerangs (quivered)
Armour
 b - a +1 robe
 c - a +2 robe of positive energy (worn)
 d - the +4 chain mail "Deossedeimm" {Int+4 Dex+2}
   (You found it on level 4 of the Dungeon)

   Int:       It affects your intelligence (+4).
   Dex:       It affects your dexterity (+2).
 n - a +0 pair of gloves (worn)
Magical Staves
 w - a staff of fire (weapon)
Jewellery
 e - an amulet of reflection (around neck)
 i - an amulet of reflection
Scrolls
 h - 2 scrolls of teleportation
 q - a scroll of magic mapping
 s - a scroll of immolation
 x - a scroll of amnesia
Potions
 f - a potion of brilliance
 g - a potion of mutation
 r - a potion of flight
 u - 4 potions of cancellation
 v - a potion of attraction


   Skills:
 + Level 8.2 Fighting
 + Level 4.8 Short Blades
 + Level 4.8 Long Blades
 + Level 4.8 Axes
 + Level 8.2 Maces & Flails
 + Level 4.8 Polearms
 + Level 4.8 Staves
 + Level 4.8 Slings
 + Level 4.8 Bows
 + Level 4.8 Crossbows
 + Level 4.8 Throwing
 + Level 4.8 Armour
 + Level 4.8 Dodging
 + Level 4.8 Stealth
 + Level 4.8 Shields
 + Level 4.8 Unarmed Combat
 + Level 5.6 Spellcasting
 + Level 4.0 Conjurations
 + Level 4.0 Hexes
 + Level 4.0 Summonings
 + Level 4.0 Necromancy
 + Level 4.0 Translocations
 + Level 4.0 Transmutations
 + Level 6.8 Fire Magic
 + Level 4.0 Ice Magic
 + Level 4.0 Air Magic
 + Level 4.0 Earth Magic
 + Level 4.0 Poison Magic
 + Level 5.3 Invocations
 + Level 4.8 Evocations


You had 16 spell levels left.
You knew the following spells:

 Your Spells              Type           Power      Damage    Failure   Level
a - Scorch                Fire           84%        2d9       1%          2
b - Ensorcelled Hibernat  Hex/Ice        36%        N/A       3%          2

Your spell library contained the following spells:

 Spells                   Type           Power      Damage    Failure   Level
 Summon Small Mammal      Summ           72%        N/A       2%          1
 Call Canine Familiar     Summ           18%        N/A       8%          3
 Spider Form              Tmut/Pois      18%        N/A       8%          3
 Summon Guardian Golem    Hex/Summ       18%        N/A       8%          3
 Anguish                  Hex/Necr       9%         N/A       26%         4
 Passage of Golubria      Tloc           18%        N/A       26%         4
 Silence                  Hex/Air        9%         N/A       56%         5
 Lehudib's Crystal Spear  Conj/Erth      9%         10d4      100%        8


Dungeon Overview and Level Annotations

Branches:
Dungeon (8/15)             Temple (0/1) D:6
   Lair: D:8-11

Altars:
Cheibriados
Dithmenos
Elyvilon
Fedhas
Kikubaaqudgha
Nemelex Xobeh
Okawaru
Vehumet
Wu Jian
Xom
Zin

Shops:
D:3 *   D:6 !


Innate Abilities, Weirdness & Mutations

You have very sharp teeth.
Your uncanny sense of smell can sniff out nearby items.
Your experience applies equally to all skills.


Message History

The yak is heavily wounded.
The yak closely misses you.
You hit the yak.
The yak is heavily wounded.
The yak closely misses you.
A protective cloak of flame settles atop you.
The yak gores you.
The yak is burned terribly!
The yak is burned by your cloak of flames.
The yak is severely wounded.
The yak barely misses you.
Casting: Scorch (safe; 1% risk of failure)
Confirm with . or Enter, or press ? or * to list all spells.
You feel a surge of power!
Flames lash the yak but do no damage.
The yak completely misses you. The yak gores you.
The yak is burned by your cloak of flames.
The yak is lightly wounded.
The yak misses you.
You hit the yak but do no damage. Your bite misses the yak.
The yak is severely wounded.
The yak is no longer more vulnerable to fire. x2
The yak gores you!
* * * LOW HITPOINT WARNING * * *
The yak is burned by your cloak of flames.
The yak is lightly wounded.
The yak closely misses you.
You feel better. The yak gores you but does no damage.
The yak is burned by your cloak of flames.
The yak is moderately wounded.
The yak gores you!
* * * LOW HITPOINT WARNING * * *
The yak is burned by your cloak of flames.
The yak is lightly wounded.
The yak gores you but does no damage.
The yak is burned by your cloak of flames.
The yak is severely wounded.
You feel yourself speed up. The yak gores you but does no damage.
The yak is burned by your cloak of flames.
The yak is heavily wounded.
The yak gores you!
You die...

.....#......
..........+................ .
..........#................
.. .........#... ............
... ..........######........#
..Y. #......................#
.....#...............##.....#
...........YY.........#.....#
...........Y@.........#.....#
[.......#####.........#.....#
..##....##.......#....#(....#
#....##.......#....#...(.#
.......#.......######.....#
........#.......######.....#
.........+............'.....'
#........#..........###.....#
#..........# #######


You could see 3 yaks.

Vanquished Creatures
  The ghost of Shockd the Skirmisher, a novice MiBe of Trog (D:5)
  Sigmund (D:2)
  The ghost of pkoi the Gusty, an amateur DgAE (D:4)
  Edmund (D:6)
  An acid dragon (D:8)
  An ice beast (D:7)
  A black bear (D:6)
  2 necrophages
  7 ogres
  A centaur (D:7)
  2 phantoms
  3 bullfrogs
  2 scorpions
  A wyvern zombie (D:7)
  A water moccasin zombie (D:5)
  A howler monkey (D:4)
  A bullfrog zombie (D:5)
  3 hounds
  2 centaur skeletons
  A jelly (D:4)
  An orc priest (D:6)
  A gnoll shaman (D:6)
  A bullfrog skeleton (D:5)
  4 orc wizards
  A killer bee zombie (D:7)
  A hound zombie (D:5)
  A howler monkey zombie (D:6)
  11 gnolls
  10 adders
  A shadow imp (D:5)
  3 white imps
  3 worms
  A dart slug (D:1)
  14 orcs
  2 ball pythons
  An endoplasm (D:4)
  2 giant cockroaches
  4 goblins
  5 hobgoblins
  6 jackals
  11 kobolds
  2 quokkas
  4 frilled lizards
  9 rats
133 creatures vanquished.

Vanquished Creatures (others)
  24 foxfires
  18 plants (D:4)
42 creatures vanquished.

Grand Total: 175 creatures vanquished

Notes
Turn   | Place    | Note
-------+----------+-------------------------------------------
     0 | D:1      | SanguineChosen the Gnoll Cinder Acolyte began the quest for
                  | the Orb.
     0 | D:1      | Reached XP level 1. HP: 23/23 MP: 4/4
   122 | D:1      | Reached XP level 2. HP: 29/29 MP: 5/5
   207 | D:1      | Learned a level 2 spell: Scorch
   952 | D:2      | Reached XP level 3. HP: 33/35 MP: 7/7
  1136 | D:2      | Noticed Sigmund
  1151 | D:2      | Killed Sigmund
  1152 | D:2      | Reached skill level 1 in Short Blades
  1152 | D:2      | Reached skill level 1 in Long Blades
  1152 | D:2      | Reached skill level 1 in Axes
  1152 | D:2      | Reached skill level 1 in Polearms
  1152 | D:2      | Reached skill level 1 in Staves
  1152 | D:2      | Reached skill level 1 in Slings
  1152 | D:2      | Reached skill level 1 in Bows
  1152 | D:2      | Reached skill level 1 in Crossbows
  1152 | D:2      | Reached skill level 1 in Throwing
  1152 | D:2      | Reached skill level 1 in Armour
  1152 | D:2      | Reached skill level 1 in Dodging
  1152 | D:2      | Reached skill level 1 in Stealth
  1152 | D:2      | Reached skill level 1 in Shields
  1152 | D:2      | Reached skill level 1 in Unarmed Combat
  1152 | D:2      | Reached skill level 1 in Conjurations
  1152 | D:2      | Reached skill level 1 in Hexes
  1152 | D:2      | Reached skill level 1 in Summonings
  1152 | D:2      | Reached skill level 1 in Necromancy
  1152 | D:2      | Reached skill level 1 in Translocations
  1152 | D:2      | Reached skill level 1 in Transmutations
  1152 | D:2      | Reached skill level 1 in Ice Magic
  1152 | D:2      | Reached skill level 1 in Air Magic
  1152 | D:2      | Reached skill level 1 in Earth Magic
  1152 | D:2      | Reached skill level 1 in Poison Magic
  1152 | D:2      | Reached skill level 1 in Invocations
  1152 | D:2      | Reached skill level 1 in Evocations
  1152 | D:2      | Reached XP level 4. HP: 30/41 MP: 3/8
  1152 | D:2      | Reached XP level 5. HP: 35/47 MP: 3/9
  2263 | D:3      | Reached XP level 6. HP: 53/53 MP: 10/10
  2288 | D:3      | Found a faded altar of an unknown god.
  3068 | D:3      | Found Cujeso's General Store.
  3267 | D:3      | Bought a +0 pair of gloves for 63 gold pieces
  3643 | D:3      | Found a radiant altar of Vehumet.
  3966 | D:4      | Noticed pkoi's ghost (amateur DgAE)
  4009 | D:4      | Reached XP level 7. HP: 56/59 MP: 12/12
  4592 | D:4      | Identified the +4 chain mail "Deossedeimm" {Int+4 Dex+2}
  4672 | D:4      | Found a sparkling altar of Nemelex Xobeh.
  5052 | D:4      | Found a runed translucent door.
  5534 | D:4      | Killed pkoi's ghost
  5535 | D:4      | Reached XP level 8. HP: 66/67 MP: 8/14
  5755 | D:5      | Entered Level 5 of the Dungeon
  6340 | D:5      | Found a white marble altar of Elyvilon.
  6536 | D:5      | Found a blossoming altar of Fedhas.
  7019 | D:5      | Found a glowing silver altar of Zin.
  7027 | D:5      | Learned a level 2 spell: Ensorcelled Hibernation
  7253 | D:5      | Found an iron altar of Okawaru.
  7352 | D:5      | Found a shadowy altar of Dithmenos.
  7581 | D:5      | Found a runed translucent door.
  7581 | D:5      | Noticed Shockd's ghost (novice MiBe)
  7713 | D:5      | Found a shimmering altar of Xom.
  8340 | D:5      | Killed Shockd's ghost
  8341 | D:5      | Reached skill level 5 in Spellcasting
  8341 | D:5      | Reached XP level 9. HP: 57/74 MP: 9/16
  8407 | D:6      | Found Yreumuen's Distillery.
  8520 | D:6      | HP: 3/74 [gnoll/+0 spear (2)]
  8898 | D:6      | Bought a potion of brilliance for 44 gold pieces
  8898 | D:6      | Bought a potion of haste for 110 gold pieces
  9052 | D:6      | Found a snail-covered altar of Cheibriados.
  9121 | D:6      | Noticed Edmund
  9133 | D:6      | Killed Edmund
  9558 | D:6      | Found a staircase to the Ecumenical Temple.
 10106 | D:7      | Found an ancient bone altar of Kikubaaqudgha.
 10128 | D:7      | Reached skill level 5 in Invocations
 10237 | D:7      | Found an ornate altar of the Wu Jian Council.
 11133 | D:8      | Reached XP level 10. HP: 69/80 MP: 11/18
 11224 | D:8      | Slain by a yak

Illustrated notes

Levels and vault maps discovered:
D:1:      co_arrival_square_in_a_square_in_a_square, layout_loops_ring,
          minmay_rat_gold_closets
D:2:      layout_loops_ring, uniq_sigmund
D:3:      layout_basic, marbit_many_paths, serial_shops, nicolae_shop_crystal,
          hellmonk_ecumenical_altar_zigzags, kennysheep_minor_cross,
          chequers_serial_rivers_small_a
D:4:      layout_basic, mainiacjoe_overflow_chevrons,
          hellmonk_ghost_happy_afterlife, nicolae_figureground_sparkle
D:5:      layout_basic, nicolae_dithmenos_the_darkroom, amcnicky_altar_gilded,
          kennysheep_mini_moat, lemuel_doored_altar, okawaru_altar_gauntlet_db,
          nicolae_overflow_hidden_temple, ebering_ghost_sewer_d
D:6:      layout_basic, mainiacjoe_overflow_small_starburst,
          minmay_temple_entry_slanted, serial_shops, shop_statue, uniq_edmund
D:7:      layout_loops_ring, mainiacjoe_overflow_cross_hatched,
          mainiacjoe_overflow_concentric_impassable
D:8:      layout_basic

Skill      XL: |  1  2  3  4  5  6  7  8  9 |
---------------+----------------------------+-----
Short Blades   | 1 2 4 |  4.8
Long Blades    | 1 2 4 |  4.8
Axes           | 1 2 4 |  4.8
Polearms       | 1 2 4 |  4.8
Staves         | 1 2 4 |  4.8
Slings         | 1 2 4 |  4.8
Bows           | 1 2 4 |  4.8
Crossbows      | 1 2 4 |  4.8
Throwing       | 1 2 4 |  4.8
Armour         | 1 2 4 |  4.8
Dodging        | 1 2 4 |  4.8
Stealth        | 1 2 4 |  4.8
Shields        | 1 2 4 |  4.8
Unarmed Combat | 1 2 4 |  4.8
Spellcasting   | 3 4 5 |  5.6
Conjurations   | 1 2 3 4 |  4.0
Hexes          | 1 2 3 4 |  4.0
Summonings     | 1 2 3 4 |  4.0
Necromancy     | 1 2 3 4 |  4.0
Translocations | 1 2 3 4 |  4.0
Transmutations | 1 2 3 4 |  4.0
Ice Magic      | 1 2 3 4 |  4.0
Air Magic      | 1 2 3 4 |  4.0
Earth Magic    | 1 2 3 4 |  4.0
Poison Magic   | 1 2 3 4 |  4.0
Invocations    | 1 2 3 4 5 |  5.3
Evocations     | 1 2 4 |  4.8
Fighting       | 7 8 |  8.2
Maces & Flails | 7 8 |  8.2
Fire Magic     | 6 |  6.8

Action                   |  1- 3 |  4- 6 |  7- 9 | 10-12 || total
-------------------------+-------+-------+-------+-------++-------
Melee: Mace              |    51 |    55 |       |       ||   106
       Bite              |     3 |     4 |    15 |       ||    22
       Punch             |     1 |       |     2 |     1 ||     4
       Flail             |       |     7 |   137 |       ||   144
       Staff             |       |       |    38 |     6 ||    44
Throw: Throwing net      |       |     2 |       |       ||     2
       Boomerang         |       |       |     5 |       ||     5
 Cast: Scorch            |     6 |    20 |    84 |     3 ||   113
       Ensorcelled Hiber |       |       |     2 |       ||     2
Invok: Fiery Armour      |       |       |     3 |     1 ||     4
       Foxfire Swarm     |       |       |     3 |       ||     3
  Use: Scroll            |     1 |     1 |    14 |       ||    16
       Potion            |       |       |     3 |     2 ||     5
 Stab: Sleeping          |     2 |     2 |       |       ||     4
Armor: Robe              |    12 |     8 |    63 |     3 ||    86
       Chain mail        |       |       |     2 |       ||     2
Dodge: Dodged            |    26 |    44 |   137 |     7 ||   214
Block: Other             |     5 |    20 |    70 |     1 ||    96
       Reflection        |     1 |       |     4 |       ||     5
